AoeStats
← Athedge

Arabia

510315515Analyzed
1v1 RM · 3d ago on Sep 30, 2026· 29m 50s· 2 players
Game mode
Random Map
Map size
Tiny (2 player)
Population
200
Speed
Normal
Resources
Standard
Victory
Conquest
Starting age
Dark Age
Ending age
Imperial Age
RankedLock teamsTeams togetherTeam positionsShared explorationLock speedFull tech treeHidden civsTurbo modeCheats
Victory
Defeat
🇫🇮 Franks · Finland
924
+17
🇫🇷 Huns · France
882
-14
Pr Hapi
7:09 Loom
12:17 Feudal Age
12:43 Double-Bit Axe
13:17 Gold Mining
17:23 Wheelbarrow
17:26 Scale Mail Armor
21:17 Castle Age
21:40 Scale Barding Armor
21:47 Forging
22:07 Husbandry
22:42 Bow Saw
25:29 Iron Casting
24:56 Stone Mining
30:08 Hand Cart
30:33 Chain Barding Armor
Athedge
12:30 Loom
14:16 Feudal Age
15:48 Horse Collar
18:02 Wheelbarrow
17:15 Double-Bit Axe
17:06 Man-at-Arms
17:32 Arson
19:33 Scale Mail Armor
20:38 Forging
28:40 Castle Age
29:19 Pikeman
30:00 Squires
Connection lost

Rejoining the realm…

Still unreachable

The connection could not be restored.

Session expired

The server has moved on; the page needs a fresh start.